 Dungeon Crawl Stone Soup version 0.21-a0-349-g0c35859 (webtiles) character file.

121772 nikopol the Warrior (level 16, -1/228 HPs)
             Began as a Minotaur Berserker on Oct 7, 2017.
             Was a High Priest of Trog.
             Slain by an alligator (18 damage)
             ... led by an alligator
             ... on level 2 of the Swamp on Oct 8, 2017.
             The game lasted 01:42:58 (33408 turns).

nikopol the Warrior (Minotaur Berserker)           Turns: 33408, Time: 01:42:58

Health: -1/228     AC: 17    Str: 30    XL:     16   Next: 33%
Magic:  16/16      EV: 17    Int:  0    God:    Trog [*****.]
Gold:   2041       SH:  0    Dex: 18    Spells: 17/17 levels left

rFire    + + +     SeeInvis .   a - +2 war axe (chop)
rCold    + . .     Gourm    .   (no shield)
rNeg     + . .     Faith    .   H - +1 chain mail {rF+}
rPois    +         Spirit   .   x - -2 hat of the Alchemist {rElec rPois rF+ rC+ rN+ MR+ rMut rCorr}
rElec    +         Reflect  .   r - scarf {cloud immunity}
rCorr    +         Harm     .   U - +2 pair of gloves
rMut     +                      N - +0 pair of boots
MR       ++...                  (no amulet)
Stlth    ..........             J - ring "Pap Waek" {rF+ Str+2 Dex+2}
HPRegen  0.48/turn              y - +3 ring of evasion
MPRegen  0.15/turn

@: berserking, starving, slowed, lost intelligence
A: retaliatory headbutt, horns 2, dopey 2
a: Berserk, Trog's Hand, Brothers in Arms, Burn Spellbooks, Renounce Religion


You were on level 2 of the Swamp.
You worshipped Trog.
Trog was extremely pleased with you.
You were starving.

You visited 4 branches of the dungeon, and saw 24 of its levels.
You also visited: Labyrinth.

You collected 2465 gold pieces.
You spent 424 gold pieces at shops.

Inventory:

Hand Weapons
 a - a +2 war axe of chopping (weapon)
 w - a +4 longbow of flaming
 z - a +4 shortbow of flaming
 I - a +3 shortbow of velocity
 X - a +2 dire flail of draining
Missiles
 l - 828 arrows
Armour
 r - a scarf of cloud immunity (worn)
 x - the -2 hat of the Alchemist (worn) {rElec rPois rF+ rC+ rN+ MR+ rMut rCorr}
   (You found it on level 11 of the Dungeon)

   It protects you from fire.
   It protects you from cold.
   It insulates you from electricity.
   It protects you from poison.
   It protects you from negative energy.
   It affects your resistance to hostile enchantments.
   It protects you from acid and corrosion.
   It protects you from mutation.
 H - a +1 chain mail of fire resistance (worn)
 N - a +0 pair of boots (worn)
 R - a +1 cloak
 U - a +2 pair of gloves (worn)
Jewellery
 h - an uncursed ring of protection from cold
 t - an uncursed ring of flight {unknown}
 y - a +3 ring of evasion (right hand)
 J - the ring "Pap Waek" (left hand) {rF+ Str+2 Dex+2}
   (You found it on level 3 of the Lair of Beasts)

   [ring of protection from fire]

   It affects your strength (+2).
   It affects your dexterity (+2).
   It protects you from fire.
 T - a cursed ring of loudness {unknown}
 Z - an uncursed ring of protection from fire
Wands
 D - a wand of paralysis (14/24)
 S - a wand of digging (15/24)
 W - a wand of confusion (29/48)
 Y - a wand of polymorph (11/24)
Scrolls
 d - a scroll of magic mapping
 e - 16 scrolls of remove curse
 f - 2 scrolls of recharging
 g - 2 scrolls of fog
 k - 8 scrolls of enchant armour
 q - 7 scrolls of teleportation
 v - 4 scrolls of enchant weapon
 E - 2 scrolls of identify
 L - a scroll of holy word
 P - a scroll of blinking
 Q - 3 scrolls of fear
Potions
 b - 2 potions of ambrosia
 i - 9 potions of curing
 j - 2 potions of agility
 m - 4 potions of heal wounds
 n - 2 potions of magic
 s - 2 potions of mutation
 u - a potion of lignification
 A - 4 potions of flight
 F - 4 potions of haste
 G - 4 potions of might
 K - a potion of berserk rage
 M - 3 potions of resistance
 O - 2 potions of invisibility
Comestibles
 c - 14 bread rations
 o - 8 fruits
 B - 8 meat rations
 C - 24 royal jellies


   Skills:
 + Level 16.4 Fighting
 + Level 16.4 Axes
 + Level 0.2(11.1) Maces & Flails
 + Level 15.3 Bows
 + Level 15.1 Armour
 + Level 6.6 Dodging
 + Level 3.6 Stealth
 + Level 2.1 Unarmed Combat
 + Level 1.2 Spellcasting
 + Level 2.1 Evocations


You had 17 spell levels left.
You didn't know any spells.

Dungeon Overview and Level Annotations

Branches:
Dungeon (15/15)            Temple (0/1) D:6            Lair (5/6) D:11
  Swamp (2/4) Lair:3        Snake (0/4) Lair:3          Orc (2/2) D:10
    Elf (0/3) Orc:2        Vaults (0/5) D:14         Depths (0/5) D:15
  Slime: Lair:5-6

Altars:
Ashenzari
Cheibriados
Dithmenos
Fedhas
Gozag
Ru
Trog
Uskayaw
Vehumet
The Shining One

Shops:
D:7 (   D:8 [   D:10 [(   D:11 }   Orc:2 *}[[


Innate Abilities, Weirdness & Mutations

You reflexively headbutt those who attack you in melee.
You have a pair of horns on your head.
You are very dopey. (Int -4)


Message History

The alligator tail-slaps you!
* * * LOW HITPOINT WARNING * * *
The alligator closely misses you.
The alligator tail-slaps you but does no damage.
The alligator bites you.
* * * LOW HITPOINT WARNING * * *
The alligator closely misses you.
The alligator bites you but does no damage.
The alligator barely misses you.
A red film seems to cover your vision as you go berserk!
You feel yourself moving faster!
You feel mighty!
You are starving!
The alligator closely misses you. You furiously retaliate!
You headbutt the alligator!
The alligator tail-slaps you but does no damage.
The alligator closely misses you. You furiously retaliate!
You headbutt the alligator! The alligator tail-slaps you.
* * * LOW HITPOINT WARNING * * *
The alligator bites you!!
You die...

≈≈≈≈≈≈.
♣.≈≈.....≈≈≈≈§.≈.♣
..≈≈≈.
♣≈.≈≈.♣♣..≈≈§....♣
≈..≈≈
.♣.≈..≈........≈.♣♣
♣≈≈≈
♣≈≈§...≈≈..♣..≈≈.♣
♣.
..≈§..≈≈≈.♣♣≈≈.≈.♣
§..≈...≈.♣♣≈....♣♣
♣.....≈≈........♣
♣.....t≈≈.≈..≈≈.♣
.§§(.(t@≈.♣♣.≈≈.♣ ♣
.≈≈≈...♣♣♣♣≈....♣ ♣
♣.≈≈≈≈. ♣♣♣≈≈.♣
♣≈.....≈ ♣♣♣≈≈.♣
≈.≈♣♣.≈...♣≈.≈≈.♣
♣♣♣
≈≈.≈..≈.≈≈♣♣≈≈.≈♣ ♣
♣.≈.♣......♣♣≈≈≈
♣♣♣♣♣♣ ♣♣♣♣≈≈.≈
♣.≈≈≈≈≈.♣♣♣♣.<≈♣
..♣≈...♣♣
♣≈≈≈≈≈...≈♣♣..♣♣


You could see 2 alligators.

Vanquished Creatures
  A thorn hunter (Swamp:2)
  The ghost of Syneil the Bludgeoner, a journeyman DsBe of Trog (Swamp:2)
  Nessos (D:12)
  A dire elephant (Lair:5)
  The ghost of p0werm0de the Blocker, a journeyman OpBe of Trog (Lair:4)
  A yaktaur captain (D:15)
  A minotaur (Lab)
  11 hydras
  A rakshasa (D:14)
  A ghost crab (Swamp:2)
  4 ogre magi (Orc:2)
  The ghost of p0werm0de the Blocker, a journeyman OpCj of Jiyva (Lair:3)
  5 centaur warriors
  2 alligators (Swamp:1)
  17 two-headed ogres
  Urug (D:13)
  2 tengu warriors (D:15)
  Nergalle (Lair:3)
  2 swamp dragons
  2 unseen horrors
  A lindwurm (Lair:5)
  A wizard (D:14)
  A shambling mangrove (Swamp:1)
  Pikel (D:7)
  14 ugly things
  7 deep elf magi
  A wolf spider zombie (D:12)
  An orc sorcerer (Orc:2)
  2 cyclopes
  An orc knight (Orc:2)
  2 oklob plants
  A salamander (shapeshifter) (D:14)
  Maurice (D:13)
  A water nymph (shapeshifter) (D:14)
  A black mamba (Lair:2)
  Joseph (D:7)
  6 spiny frogs
  19 elephants
  A gargoyle (D:13)
  2 kobold demonologists (D:12)
  A rime drake (Lair:1)
  A tengu conjurer (D:15)
  A queen bee (Lair:3)
  A polar bear (Lair:3)
  8 komodo dragons
  3 meliai (D:15)
  A meliai (shapeshifter) (D:13)
  4 trolls
  3 hornets
  Prince Ribbit (D:8)
  5 tyrant leeches
  4 bog bodies
  7 blink frogs
  8 hippogriffs
  2 spriggans
  A wraith (D:15)
  4 hogs (D:10)
  A human (D:10)
  20 yaks
  16 vampire mosquitoes
  4 hungry ghosts
  3 basilisks
  A human (shapeshifter) (D:14)
  Menkaure (D:4)
  7 swamp worms
  10 insubstantial wisps (Swamp:2)
  3 nagas (Lair:3)
  3 acid dragons
  Duvessa (D:4)
  7 porcupines
  7 water moccasins
  13 orc warriors
  7 swamp drakes
  4 ice beasts
  2 sky beasts
  4 black bears
  3 boggarts (D:15)
  4 phantoms
  17 centaurs
  31 ogres
  16 wolves
  7 crocodiles
  A big kobold (D:8)
  18 bullfrogs
  3 gnoll sergeants
  Dowan (D:4)
  8 scorpions
  27 killer bees
  4 wights (D:8)
  4 howler monkeys
  2 electric eels (D:15)
  8 crimson imps
  A bullfrog zombie (D:9)
  A quasit (D:7)
  3 bullfrog skeletons
  4 centaur skeletons
  4 hounds
  11 orc priests
  An iron imp (D:11)
  6 jellies
  16 orc wizards
  10 iguanas
  Ijyb (D:5)
  6 worker ants
  A hound zombie (D:7)
  Robin (D:4)
  A worker ant zombie (D:11)
  13 gnolls
  11 adders
  4 shadow imps
  A white imp (D:11)
  An ooze (D:7)
  An adder skeleton (D:5)
  3 worms
  3 dart slugs
  6 leopard geckos
  58 orcs
  8 giant cockroaches
  16 goblins
  13 hobgoblins
  7 jackals
  5 quokkas
  A ball python (D:3)
  6 bats
  5 frilled lizards
  A giant cockroach zombie (D:6)
  A jackal skeleton (D:9)
  17 kobolds
  2 quokka zombies
  11 rats
  4 bushes (Lair:1)
  8 fungi
  27 plants
745 creatures vanquished.

Vanquished Creatures (collateral kills)
  A two-headed ogre (Orc:1)
  An orc priest (Orc:1)
  An orc (Orc:1)
3 creatures vanquished.

Vanquished Creatures (others)
  2 slaves (D:7)
  A killer bee (D:7)
  An orc (D:7)
  A quokka (D:12)
  A bush (Lair:5)
  86 fungi
  40 plants
132 creatures vanquished.

Grand Total: 880 creatures vanquished

Notes
Turn   | Place    | Note
-------+----------+-------------------------------------------
     0 | D:1      | nikopol the Minotaur Berserker began the quest for the Orb.
     0 | D:1      | Reached XP level 1. HP: 19/19 MP: 0/0
    90 | D:1      | Reached XP level 2. HP: 16/27 MP: 1/1
   653 | D:1      | Reached ** piety under Trog
   705 | D:1      | Reached XP level 3. HP: 32/33 MP: 2/2
  1394 | D:2      | Found a sacrificial altar of Ru.
  1417 | D:2      | Reached XP level 4. HP: 41/41 MP: 3/3
  1948 | D:2      | Found a bloodstained altar of Trog.
  2028 | D:3      | Found a shadowy altar of Dithmenos.
  2088 | D:3      | Reached skill level 5 in Axes
  2835 | D:4      | Reached XP level 5. HP: 43/47 MP: 4/4
  2967 | D:4      | Noticed Duvessa
  2984 | D:4      | Killed Duvessa
  2985 | D:4      | Noticed Dowan
  3001 | D:4      | Killed Dowan
  3001 | D:4      | Reached XP level 6. HP: 12/55 MP: 5/5
  3233 | D:4      | Reached *** piety under Trog
  3357 | D:4      | Noticed Menkaure
  3364 | D:4      | Killed Menkaure
  3364 | D:4      | Reached skill level 5 in Fighting
  3364 | D:4      | Reached skill level 5 in Armour
  3552 | D:4      | Reached XP level 7. HP: 60/61 MP: 6/6
  3735 | D:4      | Noticed Robin
  3754 | D:4      | Killed Robin
  3831 | D:5      | Entered Level 5 of the Dungeon
  4081 | D:5      | Found a shattered altar of Ashenzari.
  4144 | D:5      | Noticed Ijyb
  4145 | D:5      | Paralysed by Ijyb for 5 turns
  4156 | D:5      | Paralysed by Ijyb for 2 turns
  4167 | D:5      | Paralysed by Ijyb for 6 turns
  4177 | D:5      | Killed Ijyb
  4627 | D:5      | Reached XP level 8. HP: 70/70 MP: 7/7
  5168 | D:6      | Found a staircase to the Ecumenical Temple.
  5217 | D:6      | Reached skill level 1 in Bows
  5293 | D:6      | Reached **** piety under Trog
  5449 | D:6      | Found a glowing golden altar of the Shining One.
  6603 | D:7      | Noticed Pikel
  6620 | D:7      | Killed Pikel
  6620 | D:7      | Reached skill level 5 in Bows
  6620 | D:7      | Reached XP level 9. HP: 78/78 MP: 8/8
  6811 | D:7      | Noticed Joseph
  6837 | D:7      | Killed Joseph
  7132 | D:7      | Reached skill level 1 in Stealth
  7249 | D:7      | Found Ugainua's Antique Weapon Shoppe.
  7262 | D:7      | Bought an ichor-stained longbow for 256 gold pieces
  7265 | D:7      | Identified the +9 longbow "Dol Nyunu" {flame, *Contam rF+ Dex+3 Stlth+} (You bought it in a shop on level 7 of the Dungeon)
  7307 | D:7      | Noticed a two-headed ogre
  7310 | D:7      | Killed a two-headed ogre
  7416 | D:7      | You fall through a shaft!
  7482 | D:8      | Noticed a two-headed ogre
  7488 | D:8      | HP: 1/123 [two-headed ogre/giant club (13)]
  7489 | D:8      | Killed a two-headed ogre
  7489 | D:8      | Reached XP level 10. HP: 2/90 MP: 9/9
  7495 | D:8      | HP: 1/90 [poisoned by a water moccasin]
  7501 | D:8      | HP: 1/90 [poisoned by a water moccasin]
  7524 | D:8      | Gained mutation: You are dopey. (Int -2) [mutagenic glow]
  7860 | D:8      | Found Dirin's Antique Armour Shop.
  7926 | D:8      | Reached ***** piety under Trog
  8053 | D:8      | Found a radiant altar of Vehumet.
  8119 | D:8      | Found a hide-covered altar of Uskayaw.
  8137 | D:8      | Noticed Prince Ribbit
  8143 | D:8      | Killed Prince Ribbit
  8202 | D:8      | Received a gift from Trog
  8430 | D:8      | Found a snail-covered altar of Cheibriados.
  9078 | D:8      | Found a blossoming altar of Fedhas.
  9297 | D:9      | Reached skill level 10 in Axes
  9893 | D:9      | Reached skill level 10 in Bows
 10080 | D:10     | Entered Level 10 of the Dungeon
 10082 | D:10     | Found Gerer's Antique Armour Boutique.
 10089 | D:10     | Found a staircase to the Orcish Mines.
 10161 | D:10     | Received a gift from Trog
 10261 | D:10     | Found an opulent altar of Gozag.
 10535 | D:10     | Reached XP level 11. HP: 85/99 MP: 10/10
 10759 | D:10     | Found Fempoblyf's Weapon Shop.
 10901 | D:11     | Found Assog's Gadget Emporium.
 11039 | D:11     | Received a gift from Trog
 11169 | D:11     | Found a staircase to the Lair.
 11180 | D:11     | Reached skill level 10 in Fighting
 11238 | D:11     | Noticed a cyan ugly thing
 11249 | D:11     | Killed a cyan ugly thing
 11430 | D:11     | Got a brightly glowing ring mail
 11441 | D:11     | Identified the cursed +0 ring mail of Insurance {Stlth+} (You found it on level 11 of the Dungeon)
 12098 | D:11     | Noticed a deep elf mage
 12106 | D:11     | Killed a deep elf mage
 12239 | D:11     | Noticed a deep elf mage
 12242 | D:11     | Found the -2 hat of the Alchemist {rElec rPois rF+ rC+ rN+ MR+ rMut rCorr}
 12248 | D:11     | Killed a deep elf mage
 12328 | D:11     | Received a gift from Trog
 12656 | D:12     | Noticed Nessos
 12658 | D:12     | Noticed a deep elf mage
 13172 | Lair:1   | Entered Level 1 of the Lair of Beasts
 13198 | Lair:1   | Reached skill level 10 in Armour
 14180 | Lair:1   | Found a blossoming altar of Fedhas.
 14197 | Lair:1   | Noticed an oklob plant
 14237 | Lair:1   | Killed an oklob plant
 14434 | Lair:1   | Paralysed by fainting for 12 turns
 15359 | Lair:2   | Reached XP level 12. HP: 105/110 MP: 11/11
 15580 | Lair:2   | Reached skill level 5 in Dodging
 16137 | Lair:3   | Found a staircase to the Swamp.
 16263 | Lair:3   | Noticed p0werm0de's ghost (journeyman OpCj)
 16273 | Lair:3   | Killed p0werm0de's ghost
 16565 | Lair:3   | Noticed Nergalle
 16578 | Lair:3   | Killed Nergalle
 17185 | Lair:3   | Got a flickering bone ring
 17187 | Lair:3   | Identified the ring "Pap Waek" {rF+ Str+2 Dex+2} (You found it on level 3 of the Lair of Beasts)
 17242 | Lair:3   | Found a staircase to the Snake Pit.
 17279 | Lair:3   | Received a gift from Trog
 17878 | Lair:4   | Noticed a five-headed hydra
 17894 | Lair:4   | Killed a five-headed hydra
 18188 | Lair:4   | Received a gift from Trog
 18374 | Lair:4   | Noticed p0werm0de's ghost (journeyman OpBe)
 18389 | Lair:4   | Killed p0werm0de's ghost
 18667 | Lair:4   | Reached XP level 13. HP: 119/119 MP: 12/12
 19613 | Lair:5   | Received a gift from Trog
 20370 | Lair:5   | Noticed a dire elephant
 20371 | Lair:5   | Received a gift from Trog
 20541 | Lair:5   | Killed a dire elephant
 20862 | Orc:1    | Entered Level 1 of the Orcish Mines
 20924 | Orc:1    | Found a bloodstained altar of Trog.
 21113 | Orc:2    | Entered Level 2 of the Orcish Mines
 21118 | Orc:2    | Found a labyrinth entrance.
 21127 | Lab      | Entered a labyrinth
 21886 | Lab      | Noticed a minotaur
 21896 | Lab      | Killed a minotaur
 22156 | Lab      | Reached skill level 1 in Spellcasting
 22156 | Lab      | Reached XP level 14. HP: 129/129 MP: 12/14
 22159 | Lab      | Got warped fire dragon scales
 22186 | Orc:2    | Identified the +0 fire dragon scales of Gipoosm {rElec rPois rF++ rC- Regen+ SInv} (You found it in a labyrinth)
 22488 | Orc:2    | Received a gift from Trog
 22663 | Orc:2    | Received a gift from Trog
 23124 | Orc:2    | Reached skill level 15 in Axes
 23454 | Orc:2    | Reached XP level 15. HP: 123/137 MP: 15/15
 23459 | Orc:2    | Found Sayrhaun's Armour Boutique.
 23459 | Orc:2    | Found Qamukuen's Assorted Antiques.
 23461 | Orc:2    | Found Dyci's Antique Armour Emporium.
 23461 | Orc:2    | Found Fodghohal's Gadget Boutique.
 23473 | Orc:2    | Bought a glowing shortbow for 168 gold pieces
 23543 | Orc:2    | Found a staircase to the Elven Halls.
 24190 | D:12     | Received a gift from Trog
 24466 | D:12     | Killed Nessos
 25571 | D:13     | Got a bloodstained ring mail
 25582 | D:13     | Identified the +5 ring mail of Giesyez {*Contam rPois Stlth+} (You found it on level 13 of the Dungeon)
 25629 | D:13     | Lost intelligence.
 25629 | D:13     | Gained mutation: You are very dopey. (Int -4) [mutagenic glow]
 25752 | D:13     | Lost intelligence.
 26137 | D:13     | Noticed Urug
 26148 | D:13     | Killed Urug
 26437 | D:13     | Noticed Maurice
 26440 | D:13     | Killed Maurice
 26612 | D:13     | Received a gift from Trog
 27731 | D:14     | Found a gate to the Vaults.
 28107 | D:14     | Reached skill level 15 in Fighting
 28784 | D:15     | Entered Level 15 of the Dungeon
 28866 | D:15     | Received a gift from Trog
 29652 | D:15     | Received a gift from Trog
 29652 | D:15     | Reached skill level 15 in Bows
 30178 | D:15     | Found a staircase to the Depths.
 30413 | Swamp:1  | Entered Level 1 of the Swamp
 30861 | Swamp:1  | Reached XP level 16. HP: 33/151 MP: 16/16
 30867 | Swamp:1  | Received a gift from Trog
 31470 | Swamp:1  | HP: 4/226 [alligator (15)]
 32346 | Swamp:2  | Noticed Syneil's ghost (journeyman DsBe)
 32364 | Swamp:2  | Killed Syneil's ghost
 32811 | Swamp:2  | Reached skill level 15 in Armour
 32979 | Swamp:2  | Noticed a thorn hunter
 32991 | Swamp:2  | Killed a thorn hunter
 32991 | Swamp:2  | Received a gift from Trog
 33408 | Swamp:2  | Slain by an alligator

Vault maps used:
D:1:      minmay_arrival_four_houses, minmay_vboxes
D:2:      minmay_door_path, lemuel_round_altar, hangedman_ru_absence
D:3:      grunt_dithmenos_smoke
D:4:      first_bread, uniq_duvessa, uniq_robin, uniq_menkaure
D:5:      basic_altar, uniq_ijyb
D:6:      kennysheep_little_box, temple_statues, kennysheep_generic_room_12
D:7:      gammafunk_temple_overflow_wave, serial_shops,
          nicolae_shop_overgrown_old_shop, uniq_joseph, uniq_pikel
D:8:      nicolae_overflow_quartered_altars, serial_shops, shop_statue,
          roderic_lattice_a, uniq_prince_ribbit1
D:10:     orc_0_dummy, serial_shops, nicolae_shop_behind_doors,
          nicolae_shop_waterfront, grunt_livestock, grunt_gozag_breadcrumbs
D:11:     grunt_lair_entry_orc_guard_hut, serial_shops,
          nicolae_shop_window_shopping, hangedman_minor_magic
D:12:     portal_ice_cave_entry_pillars_2, uniq_nessos
D:13:     uniq_urug, uniq_maurice
D:14:     david_vaults_2, lightli_wizard_tower
D:15:     grunt_enter_depths_snipers, serial_bayou_ford_a
Lair:1:   tgw_fedhas, grunt_megastairs_1, lemuel_fruit_fields,
          serial_bayou_shore_b
Lair:2:   beast_lair_carwin_large_3, bh_autumn_forest_stairs
Lair:3:   swamp_mist, guppyfry_snake_entry_garden, uniq_nergalle
Lair:4:   serial_bayou_shore_a
Lair:5:   mu_elephants_graveyard
Swamp:1:  nicolae_swamp_very_dense_foliage, swamp_pool1, hangedman_swamp_pad,
          lightli_tree_ring
Swamp:2:  evilmike_swamp_ruin_house_2
Orc:1:    serial_shops, basic_altar
Orc:2:    st_orc_ogre_mass, lab_entry_generic

Skill      XL: |  1  2  3  4  5  6  7  8  9 10 11 12 13 14 15 16 |
---------------+-------------------------------------------------+-----
Axes           | 4 5 6 7 8 9 10 11 13 14 15 16 | 16.4
Fighting       | 4 5 6 8 9 11 12 13 15 16 | 16.4
Armour         | 3 4 5 6 7 8 9 10 11 12 14 15 | 15.1
Dodging        | 3 4 5 6 |  6.6
Bows           | 5 8 10 11 13 14 15 | 15.3
Stealth        | 1 2 3 |  3.6
Unarmed Combat | 2 |  2.1
Spellcasting   | 1 |  1.2
Evocations     | 2 |  2.1
Maces & Flails | |  0.2

Action                   |  1- 3 |  4- 6 |  7- 9 | 10-12 | 13-15 | 16-18 || total
-------------------------+-------+-------+-------+-------+-------+-------++-------
Melee: Hand axe          |    83 |   108 |   225 |    43 |       |       ||   459
       Headbutt          |     5 |    27 |    51 |   186 |   152 |    19 ||   440
       War axe           |       |       |       |   577 |   504 |    97 ||  1178
       Dire flail        |       |       |       |     2 |       |       ||     2
       Punch             |       |       |       |       |     7 |       ||     7
 Fire: Shortbow          |       |       |   127 |   495 |   555 |   136 ||  1313
       Longbow           |       |       |    16 |       |       |       ||    16
Invok: Berserk           |       |     2 |     8 |     7 |     9 |     4 ||    30
       Burn Spellbooks   |       |       |     1 |     3 |     4 |     1 ||     9
       Brothers in Arms  |       |       |       |       |     1 |       ||     1
Evoke: Wand              |       |       |       |       |     1 |       ||     1
  Use: Scroll            |       |       |       |    16 |    19 |       ||    35
       Potion            |       |       |       |       |     4 |       ||     4
  Eat: Chunk             |     2 |     5 |    20 |    36 |    32 |     8 ||   103
       Fruit             |       |     2 |       |     6 |     8 |     2 ||    18
       Royal jelly       |       |       |       |     1 |     1 |       ||     2
       Bread ration      |       |       |       |       |     3 |       ||     3
       Meat ration       |       |       |       |       |       |     1 ||     1
Armor: Animal skin       |     8 |       |       |       |       |       ||     8
       Chain mail        |    27 |    45 |   111 |   166 |   339 |   102 ||   790
       Ring mail         |       |       |       |    29 |       |       ||    29
Dodge: Dodged            |    43 |    41 |   132 |   283 |   451 |   157 ||  1107

Table legend:
 A = Spawn XP
 B = Non-spawn XP
 C = Spawn XP percentage of total XP
 D = Spawn monster count
 E = Non-spawn monster count
 F = Spawn count percentage of total count
 G = Total turns spent on level
                    A         B        C        D         E        F      G
               +---------+---------+-------+---------+---------+-------+---------
         Total |       0 |  141148 |   0.0 |       0 |     708 |   0.0 | 33408
               +---------+---------+-------+---------+---------+-------+---------
           D:1 |       0 |      43 |   0.0 |       0 |      25 |   0.0 |  1136
           D:2 |       0 |      92 |   0.0 |       0 |      30 |   0.0 |   862
           D:3 |       0 |      55 |   0.0 |       0 |      16 |   0.0 |   800
           D:4 |       0 |     884 |   0.0 |       0 |      31 |   0.0 |  1240
           D:5 |       0 |     705 |   0.0 |       0 |      21 |   0.0 |  1130
           D:6 |       0 |     896 |   0.0 |       0 |      27 |   0.0 |  1435
           D:7 |       0 |    2570 |   0.0 |       0 |      26 |   0.0 |   813
           D:8 |       0 |    2829 |   0.0 |       0 |      32 |   0.0 |  1792
           D:9 |       0 |    1757 |   0.0 |       0 |      21 |   0.0 |   872
          D:10 |       0 |    1938 |   0.0 |       0 |      16 |   0.0 |   843
          D:11 |       0 |    4286 |   0.0 |       0 |      38 |   0.0 |  2493
          D:12 |       0 |    7246 |   0.0 |       0 |      32 |   0.0 |  1630
          D:13 |       0 |    8175 |   0.0 |       0 |      30 |   0.0 |  1542
          D:14 |       0 |   17189 |   0.0 |       0 |      40 |   0.0 |  1384
          D:15 |       0 |   13397 |   0.0 |       0 |      38 |   0.0 |  1513
        Lair:1 |       0 |    4144 |   0.0 |       0 |      24 |   0.0 |  1958
        Lair:2 |       0 |    4090 |   0.0 |       0 |      24 |   0.0 |  1146
        Lair:3 |       0 |    9519 |   0.0 |       0 |      49 |   0.0 |  1705
        Lair:4 |       0 |    4320 |   0.0 |       0 |      14 |   0.0 |  1299
        Lair:5 |       0 |   12497 |   0.0 |       0 |      32 |   0.0 |  1578
       Swamp:1 |       0 |    8626 |   0.0 |       0 |      23 |   0.0 |  1652
       Swamp:2 |       0 |   15002 |   0.0 |       0 |      36 |   0.0 |  1343
         Orc:1 |       0 |     959 |   0.0 |       0 |      14 |   0.0 |   719
         Orc:2 |       0 |   18884 |   0.0 |       0 |      68 |   0.0 |  1487
           Lab |       0 |    1045 |   0.0 |       0 |       1 |   0.0 |  1036
               +---------+---------+-------+---------+---------+-------+---------
